 Dungeon Crawl Stone Soup version 0.24-a0-368-g0e0cebd0f3 (webtiles) character file.

Game seed: 6688296028948960989

224 ohad the Magician (level 6, -2/38 HPs)
             Began as an Octopode Transmuter on May 29, 2019.
             Slain by an orc wizard
             ... wielding a +0 dagger
              (6 damage)
             ... on level 3 of the Dungeon.
             The game lasted 00:04:11 (2637 turns).

ohad the Magician (Octopode Transmuter)             Turns: 2637, Time: 00:04:12

Health: -2/38      AC:  2    Str: 10    XL:     6   Next: 0%
Magic:  8/12       EV: 19    Int: 17    God:
Gold:   51         SH:  0    Dex: 17    Spells: 3/13 levels left

rFire    . . .     SeeInvis .     - Unarmed
rCold    . . .     Gourm    .   (shield currently unavailable)
rNeg     . . .     Faith    .   (helmet currently unavailable)
rPois    x         Spirit   .   (no amulet)
rElec    .         Reflect  .   (no ring)
rCorr    .         Harm     .   (no ring)
MR       .....                  (no ring)
Stlth    ++........             (no ring)
HPRegen  0.12/turn              (no ring)
MPRegen  0.13/turn              (no ring)
                                (no ring)
                                (no ring)

@: spider-form (expiring)
A: tiny, almost no armour, stealthy swim, (amphibious), 8 rings, (constrict 8)
a: End Transformation


You were on level 3 of the Dungeon.
You were hungry.
You were a venomous arachnid creature.
You visited 1 branch of the dungeon, and saw 3 of its levels.

You collected 51 gold pieces.

Inventory:

Hand Weapons
 g - a +0 dagger of venom (melded)
Missiles
 a - 30 arrows
 o - 7 boomerangs (quivered)
 p - 23 bolts
Scrolls
 d - a scroll of remove curse {unknown}
 f - a scroll of teleportation {unknown}
 h - a scroll of blinking {unknown}
 i - a scroll of fear {unknown}
 j - a scroll of identify {unknown}
Potions
 b - a potion of agility {unknown}
 e - a potion of invisibility {unknown}
 l - a potion of lignification {unknown}
 m - a potion of heal wounds {unknown}
 n - a potion of resistance {unknown}
Comestibles
 c - 6 rations


   Skills:
 - Level 1.0 Fighting
 - Level 2.0 Dodging
 - Level 3.0 Unarmed Combat
 - Level 4.2 Spellcasting
 - Level 3.8 Transmutations
 + Level 1.6 Ice Magic


You had 3 spell levels left.
You knew the following spells:

 Your Spells              Type           Power        Failure   Level  Hunger
a - Beastly Appendage     Tmut           ###...       11%         1    None
b - Sticks to Snakes      Tmut           ###.....     14%         2    ##.....
c - Ice Form              Ice/Tmut       ##......     67%         4    ####...
d - Spider Form           Tmut/Pois      ##........   43%         3    ###....

Your spell library contained the following spells:

 Spells                   Type           Power        Failure   Level  Hunger
 Blade Hands              Tmut           ###.......   83%         5    ######.


Dungeon Overview and Level Annotations

Branches:
Dungeon (3/15)

Altars:
Sif Muna


Innate Abilities, Weirdness & Mutations

You cannot wear most types of armour.
You are very stealthy in the water. (Stealth+)
((You are amphibious.))
You can wear up to eight rings at the same time.
((You can use your tentacles to constrict eight enemies at once.))
((Your skin changes colour to match your surroundings (Stealth+).))
((Your rubbery body absorbs attacks. (AC +1, EV +1)))


Message History

Your +0 dagger of venom melds into your body.
Your +0 dagger of venom stops dripping with poison.
The orc misses you. Something barely misses you.
You hit the orc.
The orc is poisoned.
The orc is almost dead.
Something barely misses you.
You hit the orc but do no damage.
The orc looks as sick as possible!
The orc is almost dead.
You kill the orc!
You have reached level 6!
Your experience leads to an increase in your attributes!
Your base attributes are Str 10, Int 16, Dex 12.
Increase (S)trength, (I)ntelligence, or (D)exterity?
You feel clever. The orc barely misses you.
Something hits you but does no damage.
You hit the orc but do no damage.
The orc is poisoned.
The orc hits you with a +0 club.
* * * LOW HITPOINT WARNING * * *
Something hits you.
You die...

.. .!. #.# ###.#
...# #.###..# #
#......# ## .# #s)#
#.# #.# #.o# #.#.#
#.<# ##.## #)##
#####..o########)##
....†..o....).....#
#..#.....######.###
#..#.....# #.#
#....$.....# #.#


You could see an orc.

Vanquished Creatures
  Sigmund (D:2)
  2 adders
  A worm (D:2)
  A dart slug (D:1)
  6 leopard geckos
  3 orcs (D:3)
  3 giant cockroaches (D:1)
  4 goblins
  6 hobgoblins
  4 kobolds
  A quokka (D:2)
  A ball python (D:1)
  11 bats
  5 frilled lizards
  2 rats
51 creatures vanquished.

Notes
Turn   | Place    | Note
-------+----------+-------------------------------------------
     0 | D:1      | ohad the Octopode Transmuter began the quest for the Orb.
     0 | D:1      | Reached XP level 1. HP: 13/13 MP: 3/3
   209 | D:1      | Reached XP level 2. HP: 10/18 MP: 5/5
   660 | D:1      | Learned a level 2 spell: Sticks to Snakes
   743 | D:1      | Reached XP level 3. HP: 23/23 MP: 7/7
  1393 | D:2      | Reached skill level 3 in Spellcasting
  1506 | D:2      | Noticed Sigmund
  1529 | D:2      | Killed Sigmund
  1529 | D:2      | Reached skill level 4 in Spellcasting
  1529 | D:2      | Reached XP level 4. HP: 26/28 MP: 1/10
  1529 | D:2      | Reached XP level 5. HP: 31/33 MP: 1/11
  1537 | D:2      | Learned a level 4 spell: Ice Form
  1871 | D:2      | Reached skill level 1 in Ice Magic
  1906 | D:2      | Found a deep blue altar of Sif Muna.
  2592 | D:2      | Learned a level 3 spell: Spider Form
  2636 | D:3      | Reached XP level 6. HP: 6/38 MP: 8/12
  2637 | D:3      | Slain by an orc wizard

Levels and vault maps discovered:
D:1:      dpeg_arrival_water_temple_mockup, layout_loops_ring
D:2:      minmay_general_purpose_star, layout_loops_corners,
          lemuel_blue_sif_altar, first_ration, serial_park_tiny_1, uniq_sigmund
D:3:      layout_loops_ring, gammafunk_temple_overflow_elements, tgw_xom

Skill      XL: |  1  2  3  4  5 |
---------------+----------------+-----
Spellcasting   | 4 |  4.2
Transmutations | 3 |  3.8
Ice Magic      | 1 |  1.6
Fighting       | |  1.0
Dodging        | |  2.0
Unarmed Combat | |  3.0

Action                   |  1- 3 |  4- 6 || total
-------------------------+-------+-------++-------
Melee: Unarmed           |    52 |    15 ||    67
       Tentacles         |    15 |     7 ||    22
       Constrict         |    18 |    11 ||    29
       Punch             |     4 |       ||     4
       Kick              |     2 |     8 ||    10
       Dagger            |    28 |    40 ||    68
 Cast: Beastly Appendage |     4 |     4 ||     8
       Sticks to Snakes  |     3 |     1 ||     4
       Spider Form       |       |     2 ||     2
 Stab: Sleeping          |     8 |     2 ||    10
  Eat: Chunk             |     2 |     3 ||     5
Armor: Skin              |     7 |     9 ||    16
Dodge: Dodged            |    51 |    34 ||    85

Table legend:
 A = Non-vault XP
 B = Vault XP
 C = Vault XP percentage of total XP
 D = Non-vault monster count
 E = Vault monster count
 F = Vault count percentage of total count
                 A         B        C        D         E       F
            +---------+---------+-------+---------+---------+-------
      Total |     120 |     200 |  62.5 |      49 |       2 |   3.9
            +---------+---------+-------+---------+---------+-------
        D:1 |      46 |       0 |   0.0 |      24 |       0 |   0.0
        D:2 |      49 |     200 |  80.3 |      20 |       2 |   9.1
        D:3 |      25 |       0 |   0.0 |       5 |       0 |   0.0
            +---------+---------+-------+---------+---------+-------
